 Dungeon Crawl Stone Soup version 0.29-a0-477-g62b78b4 (webtiles) character file.

Game seed: 5659143501517466422

352 Toastz the Chopper (level 6, 0/56 HPs)
             Began as a Hill Orc Fighter on May 24, 2022.
             Was a Believer of Cheibriados.
             Slain by Pikel
             ... wielding a +2 whip of flaming
              (10 damage)
             ... on level 4 of the Dungeon.
             The game lasted 00:09:28 (2927 turns).

Toastz the Chopper (Hill Orc Fighter)               Turns: 2927, Time: 00:09:29

Health: 0/56       AC:  8    Str: 32    XL:     6   Next: 61%
Magic:  5/8        EV:  9    Int: 13    God:    Cheibriados [**....]
Gold:   155        SH:  5    Dex: 15    Spells: 5/5 levels left

rFire   . . .      SeeInvis .   a - +0 war axe
rCold   . . .      Faith    .   c - +0 buckler
rNeg    . . .      Spirit   .   b - +0 scale mail
rPois   .          Reflect  .   (no helmet)
rElec   .          Harm     .   n - +0 cloak
rCorr   .          Rampage  .   (no gloves)
Will    .....                   (no boots)
Stlth   ..........              (no amulet)
HPRegen 0.18/turn               m - +6 ring of strength
MPRegen 0.11/turn               (no ring)

@: very slow
A: no striking features
a: Renounce Religion, Bend Time


You were on level 4 of the Dungeon.
You worshipped Cheibriados.
Cheibriados was pleased with you.
You visited 1 branch of the dungeon, and saw 4 of its levels.

You collected 155 gold pieces.

Inventory:

Hand Weapons
 a - a +0 war axe (weapon)
Missiles
 j - 34 stones (quivered)
 k - 2 throwing nets
 q - 3 poisoned darts
Armour
 b - a +0 scale mail (worn)
 c - a +0 buckler (worn)
 n - a +0 cloak (worn)
Jewellery
 m - a +6 ring of strength (left hand)
 r - a ring of ice
Scrolls
 f - a scroll of enchant armour {unknown}
 i - a scroll of magic mapping
 p - a scroll of immolation {unknown}
 s - a scroll of teleportation {unknown}
Potions
 d - a potion of might
 e - a potion of resistance {unknown}
 g - a potion of curing
 h - 2 potions of flight
 l - a potion of heal wounds {unknown}
 o - 2 potions of degeneration {unknown}


   Skills:
 + Level 5.5 Fighting
 * Level 6.9 Axes
 - Level 3.2 Armour
 - Level 3.2 Shields
 + Level 3.0 Invocations


You had 5 spell levels left.
You didn't know any spells.
Your spell library contained the following spells:

 Spells                   Type           Power      Damage    Failure   Level
 Apportation              Tloc           0%         N/A       63%         1
 Beastly Appendage        Tmut           0%         N/A       63%         1
 Necrotize                Necr           0%         1d4       63%         1
 Summon Small Mammal      Summ           0%         N/A       63%         1
 Wereblood                Tmut           0%         N/A       77%         2
 Call Canine Familiar     Summ           0%         N/A       94%         3
 Spider Form              Tmut/Pois      0%         N/A       94%         3
 Summon Guardian Golem    Hex/Summ       0%         N/A       94%         3


Dungeon Overview and Level Annotations

Branches:
Dungeon (4/15)
 Temple: D:4-7

Altars:
Cheibriados
Sif Muna

Shops:
D:1 (

Annotations:
D:4 2 runed translucent doors, Pikel


Message History

You block the lemure's attack.
Pikel hits you with a +2 whip of flaming.
Pikel burns you.
You slash Pikel!
Pikel is heavily wounded.
You closely miss the lemure. x2; The lemure hits you.
You block the lemure's attack. Pikel closely misses you.
You hit Pikel but do no damage.
Pikel is heavily wounded.
You slash the lemure! You hit the lemure but do no damage. The lemure hits you.
The lemure hits you but does no damage. Pikel barely misses you.
You block the lemure's attack. The lemure hits you but does no damage.
Pikel hits you with a +2 whip of flaming.
Pikel burns you.
You closely miss Pikel.
Pikel is heavily wounded.
You closely miss the lemure. You hit the lemure but do no damage.
The lemure hits you!
* * * LOW HITPOINT WARNING * * *
The lemure hits you but does no damage. Pikel barely misses you.
The flow of time bends around you.
Cheibriados rebukes the lemure.
The lemure seems to slow down.
Cheibriados rebukes Pikel.
Pikel seems to slow down.
Cheibriados rebukes the lemure.
The lemure seems to slow down.
You hit Pikel but do no damage.
Pikel is heavily wounded.
You completely miss the lemure. You hit the lemure but do no damage.
The lemure closely misses you. Pikel hits you but does no damage.
The lemure hits you.
* * * LOW HITPOINT WARNING * * *
You slash Pikel!
Pikel is almost dead.
You closely miss the lemure. You hit the lemure.
You kill the lemure!
That felt strangely unrewarding.
Pikel hits you with a +2 whip of flaming!
You die...

..#. ###..+. ..#
##....+ ..#######
###..... ..(...(.
##...# #..(...
.....# #.(..##
.....## ##...(.##.
.##...##
###5.K......
####...######...@(.#
##.†..........###
##............#
#.............#
#...##.........##
#.#####.......>!##
#.# ##.........# ...
#..........# ..
#............


You could see Pikel (slow) and a lemure (slow).

Vanquished Creatures
  Sigmund (D:3)
  3 lemures (D:4)
  2 hounds (D:4)
  Natasha (thrice) (D:2)
  An adder (D:2)
  An orc (D:4)
  5 ball pythons
  3 bats
  2 endoplasms
  3 giant cockroaches (D:1)
  2 goblins (D:1)
  5 hobgoblins
  2 jackals (D:2)
  3 quokkas (D:2)
  10 frilled lizards
  5 kobolds
  6 rats
57 creatures vanquished.

Notes
Turn   | Place    | Note
-------+----------+-------------------------------------------
     0 | D:1      | Toastz the Hill Orc Fighter began the quest for the Orb.
     0 | D:1      | Reached XP level 1. HP: 19/19 MP: 1/1
    25 | D:1      | Reached skill level 3 in Axes
    75 | D:1      | Found Osamej's Antique Weapon Shoppe.
   182 | D:1      | Reached XP level 2. HP: 18/27 MP: 2/2
   970 | D:1      | Found a faded altar of an unknown god.
  1060 | D:1      | Prayed at the altar of an unknown god.
  1060 | D:1      | Became a worshipper of Cheibriados the Contemplative
  1060 | D:1      | Reached * piety under Cheibriados
  1076 | D:2      | Noticed Natasha
  1084 | D:2      | Killed Natasha
  1085 | D:2      | Reached skill level 4 in Axes
  1085 | D:2      | Reached skill level 1 in Invocations
  1085 | D:2      | Reached XP level 3. HP: 23/33 MP: 3/3
  1325 | D:2      | Noticed Natasha
  1335 | D:2      | Killed Natasha
  1336 | D:2      | Reached XP level 4. HP: 21/41 MP: 3/5
  1461 | D:2      | Noticed Natasha
  1470 | D:2      | Killed Natasha
  1471 | D:2      | Reached skill level 5 in Axes
  1646 | D:2      | Reached ** piety under Cheibriados
  1846 | D:2      | Found a shimmering blue altar of Sif Muna.
  1909 | D:2      | Reached XP level 5. HP: 47/47 MP: 6/6
  2008 | D:3      | Noticed Sigmund
  2025 | D:3      | Killed Sigmund
  2026 | D:3      | Reached skill level 5 in Fighting
  2026 | D:3      | Reached skill level 6 in Axes
  2026 | D:3      | Reached XP level 6. HP: 17/56 MP: 6/8
  2825 | D:4      | Identified the +2 long sword of Moral Flaws {protect,
                  | +Blink}
  2842 | D:4      | Found a runed translucent gate.
  2842 | D:4      | Found a runed translucent gate.
  2914 | D:4      | Noticed Pikel
  2927 | D:4      | Slain by Pikel

Illustrated notes

Levels and vault maps discovered:
D:1:      scummos_arrival_star, layout_loops_ring,
          shapermc_ecumenical_altar_flowoftime, serial_shops,
          nicolae_shop_stone, hangedman_decor_lopped,
          hangedman_abyss_or_decor_stabs
D:2:      layout_rooms, basic_altar, minivault_4, uniq_natasha
D:3:      layout_basic, corexii_item_surrounded_by_moat, uniq_sigmund
D:4:      layout_layer_cave, ebering_ghost_gozag, minmay_misc_feat_columns,
          uniq_pikel

Skill      XL: |  1  2  3  4  5 |
---------------+----------------+-----
Axes           | 3 4 5 6 |  6.9
Fighting       | 4 5 |  5.5
Invocations    | 1 2 3 |  3.0
Armour         | |  3.2
Shields        | |  3.2

Action                   |  1- 3 |  4- 6 || total
-------------------------+-------+-------++-------
Melee: War axe           |    86 |    65 ||   151
Throw: Stone             |    29 |    74 ||   103
Invok: Bend Time         |       |     1 ||     1
  Use: Potion            |       |     3 ||     3
       Scroll            |       |     2 ||     2
Armor: Scale mail        |    27 |    32 ||    59
Dodge: Dodged            |    45 |    23 ||    68
Block: Buckler           |    14 |    12 ||    26

Table legend: (Time is in decaauts)
 A = Elapsed time spent in this place.
 B = Non-inter-level travel time spent in this place.
 C = Inter-level travel time spent in this place.
 D = Time resting spent in this place.
 E = Time spent auto-exploring this place.
 F = Levels seen in this place.
 G = Mean time per level.
                   A        B        C        D        E       F      G
               +--------+--------+--------+--------+--------+-----+--------+
         Total |   3456 |   3288 |    168 |    283 |   2453 |   4 |  864.0 |
       Dungeon |   3456 |   3288 |    168 |    283 |   2453 |   4 |  864.0 |
               +--------+--------+--------+--------+--------+-----+--------+

Top non-repeatable levels by time:
     D:2: 1104 daAuts
     D:1: 1104 daAuts
     D:3: 1057 daAuts
     D:4: 191 daAuts
